 Dungeon Crawl Stone Soup version 0.23.2-1-ga50397a6bc (webtiles) character file.

Game seed: 9493880423971423628

105 Norn the Skirmisher (level 4, -1/50 HPs)
             Began as an Ogre Monk on Apr 19, 2019.
             Was a Priest of Lugonu.
             Slain by a kobold
             ... wielding a +0 whip
              (2 damage)
             ... on level 3 of the Dungeon.
             The game lasted 00:04:25 (2045 turns).

Norn the Skirmisher (Ogre Monk)                     Turns: 2045, Time: 00:04:25

Health: -1/50      AC:  3    Str: 15    XL:     4   Next: 83%
Magic:  4/4        EV: 10    Int: 12    God:    Lugonu [***...]
Gold:   38         SH:  0    Dex: 11    Spells: 3/3 levels left

rFire    . . .     SeeInvis .   a - +0 mace
rCold    . . .     Gourm    .   (no shield)
rNeg     . . .     Faith    .   b - +0 robe
rPois    .         Spirit   .   (helmet restricted)
rElec    .         Reflect  .   (no cloak)
rCorr    .         Harm     .   (gloves unavailable)
MR       .....                  (boots unavailable)
Stlth    ++........             (no amulet)
HPRegen  0.16/turn              (no ring)
MPRegen  0.09/turn              (no ring)

@: lethally poisoned (-1 -> -6)
A: large, unfitting armour, tough skin 1
a: Depart the Abyss, Bend Space, Banish, Renounce Religion


You were on level 3 of the Dungeon.
You worshipped Lugonu.
Lugonu was most pleased with you.
You were hungry.

You visited 1 branch of the dungeon, and saw 3 of its levels.

You collected 38 gold pieces.

Inventory:

Hand Weapons
 a - a +0 mace (weapon)
Missiles
 c - 48 stones (quivered)
Armour
 b - a +0 robe (worn)
Scrolls
 f - 3 scrolls of identify {unknown}
 g - a scroll of fear {unknown}
 i - a scroll of enchant armour {unknown}
 j - a scroll of teleportation {unknown}
 k - 2 scrolls of remove curse {unknown}
Potions
 d - 2 potions of lignification {unknown}
 h - 2 potions of curing {unknown}
 l - a potion of heal wounds {unknown}
 m - 2 potions of haste {unknown}
Comestibles
 e - 4 rations {!d}


   Skills:
 + Level 5.0 Fighting
 * Level 3.9 Maces & Flails
 + Level 1.8 Throwing
 - Level 2.6 Dodging
 - Level 1.4 Stealth


You had 3 spell levels left.
You didn't know any spells.
Your spell library was empty.

Dungeon Overview and Level Annotations

Branches:
Dungeon (3/15)

Altars:
Ashenzari
Lugonu


Innate Abilities, Weirdness & Mutations

You are too large for most types of armour.
You have tough skin. (AC +1)


Message History

You hit the orc.
You feel sick. The bat misses you. The bat closely misses you.
An orc comes into view. It is wielding a +0 club.
The orc hits you with a +0 mace. The bat closely misses you.
The orc shouts!
You hit the orc. The bat closely misses you. The adder bites you.
* * * LOW HITPOINT WARNING * * *
The orc hits you with a +0 mace.
* * * LOW HITPOINT WARNING * * *
The adder bites you.
* * * LOW HITPOINT WARNING * * *
You are more poisoned.
The adder poisons you!
You barely miss the orc.
You feel sick. The bat barely misses you.
The adder bites you but does no damage. The orc hits you with a +0 mace.
* * * LOW HITPOINT WARNING * * *
You hit the orc but do no damage.
You feel sick. The bat hits you.
* * * LOW HITPOINT WARNING * * *
The adder barely misses you.
An orc priest comes into view. It is wielding a +0 short sword.
The orc barely misses you. The adder bites you but does no damage.
You hit the orc but do no damage.
You feel sick. The bat hits you but does no damage. The adder bites you.
* * * LOW HITPOINT WARNING * * *
The orc hits you with a +0 mace.
* * * LOW HITPOINT WARNING * * *
The adder bites you but does no damage.
An orc comes into view. It is wielding a +0 morningstar.
The orc shouts!
You hit the orc.
You kill the orc!
Lugonu accepts your kill.
Your Fighting skill increases to level 5!
* * * LOW HITPOINT WARNING * * *
You feel sick. The bat hits you but does no damage.
The adder bites you but does no damage.
The orc priest looks braver for a moment.
The kobold unwields a +0 blowgun.
The kobold wields a +0 whip.
The kobold closely misses you.
* * * LOW HITPOINT WARNING * * *
You feel sick. The bat closely misses you. The bat hits you.
* * * LOW HITPOINT WARNING * * *
The adder bites you.
* * * LOW HITPOINT WARNING * * *
An orc opens the door.
You closely miss the adder. The bat hits you.
* * * LOW HITPOINT WARNING * * *
The adder bites you but does no damage.
The orc priest begins to cast a cantrip, but forgets the words!
The kobold hits you with a +0 whip.
You die...

..## ##..# ....
##..### 8 #.....# ..8
#.b...# ...oo#.....#
#.o.ooS@..# #.#
##.###K#.## #.#
..o#..# #.# ######.##
#.# #..# #.# ##.###.#
.#.###..##.#########
...........†.........
.##.####.##.#########


You could see an orc priest, an adder, 5 orcs, a bat and a kobold.

Vanquished Creatures
  An orc wizard (D:3)
  2 adders (D:2)
  2 worms
  3 dart slugs
  A leopard gecko (D:2)
  2 orcs (D:3)
  2 giant cockroaches
  7 goblins
  5 hobgoblins
  3 jackals (D:1)
  A ball python (D:1)
  7 bats
  6 frilled lizards
  4 kobolds
  7 rats
53 creatures vanquished.

Notes
Turn   | Place    | Note
-------+----------+-------------------------------------------
     0 | D:1      | Norn the Ogre Monk began the quest for the Orb.
     0 | D:1      | Reached XP level 1. HP: 24/24 MP: 1/1
   143 | D:1      | Reached XP level 2. HP: 32/32 MP: 2/2
   197 | D:1      | Found a shattered altar of Ashenzari.
   567 | D:1      | Reached skill level 1 in Throwing
   599 | D:1      | Reached XP level 3. HP: 39/40 MP: 3/3
  1562 | D:2      | Reached XP level 4. HP: 32/49 MP: 4/4
  1780 | D:2      | Found a faded altar of an unknown god.
  1946 | D:2      | Became a worshipper of Lugonu the Unformed
  1946 | D:2      | Reached * piety under Lugonu
  1946 | D:2      | Reached ** piety under Lugonu
  1946 | D:2      | Reached *** piety under Lugonu
  2043 | D:3      | Reached skill level 5 in Fighting
  2044 | D:3      | HP: 2/50 [adder (3)]
  2045 | D:3      | Slain by a kobold

Skill      XL: |  1  2  3  4 |
---------------+-------------+-----
Maces & Flails | 3 |  3.9
Throwing       | 1 |  1.8
Fighting       | 5 |  5.0
Dodging        | |  2.6
Stealth        | |  1.4

Action                   |  1- 3 |  4- 6 || total
-------------------------+-------+-------++-------
Melee: Mace              |   138 |    46 ||   184
 Stab: Sleeping          |     4 |       ||     4
  Eat: Chunk             |     2 |     1 ||     3
Armor: Robe              |    57 |    32 ||    89
Dodge: Dodged            |    75 |    46 ||   121
